 Dungeon Crawl Stone Soup version 0.23.1-37-gaa34b87 (webtiles) character file.

Game seed: 3451272229501415702

168 night the Chopper (level 5, -7/42 HPs)
             Began as a Hill Orc Gladiator on Mar 22, 2019.
             Was a Follower of Uskayaw.
             Mangled by an ice beast (10 damage)
             ... on level 3 of the Dungeon.
             The game lasted 00:06:16 (2486 turns).

night the Chopper (Hill Orc Gladiator)              Turns: 2486, Time: 00:06:17

Health: -7/42      AC:  4    Str: 18    XL:     5   Next: 49%
Magic:  5/5        EV: 12    Int:  8    God:    Uskayaw [*.....]
Gold:   69         SH:  0    Dex: 12    Spells: 4/4 levels left

rFire    . . .     SeeInvis .   a - +0 war axe
rCold    . . .     Gourm    .   (no shield)
rNeg     . . .     Faith    .   b - +0 leather armour
rPois    .         Spirit   .   c - +0 helmet
rElec    .         Reflect  .   (no cloak)
rCorr    .         Harm     .   (no gloves)
MR       .....                  (no boots)
Stlth    +.........             (no amulet)
HPRegen  0.14/turn              (no ring)
MPRegen  0.09/turn              (no ring)

@: no status effects
A: no striking features
a: Stomp, Renounce Religion


You were on level 3 of the Dungeon.
You worshipped Uskayaw.
Uskayaw was noncommittal.
You were not hungry.

You visited 1 branch of the dungeon, and saw 3 of its levels.

You collected 69 gold pieces.

Inventory:

Hand Weapons
 a - a +0 war axe (weapon)
Missiles
 d - 2 throwing nets (quivered)
 e - 132 stones
Armour
 b - a +0 leather armour (worn)
 c - a +0 helmet (worn)
Jewellery
 k - an uncursed amulet of harm {unknown}
Scrolls
 h - a scroll of teleportation {unknown}
 i - a scroll of noise {unknown}
 j - 4 scrolls of remove curse {unknown}
 l - a scroll of identify {unknown}
 n - a scroll of enchant weapon {unknown}
Potions
 g - a potion of curing
Comestibles
 f - 3 rations
 m - 2 chunks of flesh


   Skills:
 - Level 2.4 Fighting
 + Level 7.9 Axes
 - Level 1.7 Throwing
 - Level 2.4 Dodging


You had 4 spell levels left.
You didn't know any spells.
Your spell library was empty.

Dungeon Overview and Level Annotations

Branches:
Dungeon (3/15)

Altars:
Dithmenos
Qazlal
Trog
Uskayaw


Message History

You barely miss the ice beast.
The ice beast is lightly wounded.
The ice beast closely misses you.
You slash the ice beast!
The ice beast is moderately wounded.
The ice beast hits you.
* * * LOW HITPOINT WARNING * * *
The ice beast freezes you!
* * * LOW HITPOINT WARNING * * *
The ice beast barely misses you.
Fire/throw which item? (* to show all) (? for menu, Esc to quit)
Throwing (i - inventory. (/) - cycle)
d - 3 throwing nets (quivered)
Press: ? - help, Shift-Dir - straight line, f - ice beast
Aim: an ice beast (moderately wounded)
You throw a throwing net.
The throwing net barely misses the ice beast.
The ice beast hits you.
* * * LOW HITPOINT WARNING * * *
The ice beast freezes you!
You die...

##########
#(Y@.....#
#.######.# #. #.#
####.########.# #.#
#..........##.## ###
### #.#
#.##.##.##...... ...
..# #.#
#.##.##.##.#...# #
#.#
#<###.##.##.........
#.#
#........#####.#...#
#.# #####)##.#
#......


You could see an ice beast.

Vanquished Creatures
  An orc priest (D:3)
  An orc wizard (D:3)
  6 adders
  A worm (D:2)
  4 dart slugs
  A leopard gecko (D:2)
  3 orcs (D:3)
  2 giant cockroaches (D:2)
  6 goblins
  6 hobgoblins
  4 jackals (D:1)
  5 ball pythons
  8 bats
  A frilled lizard (D:2)
  7 kobolds
  14 rats
70 creatures vanquished.

Notes
Turn   | Place    | Note
-------+----------+-------------------------------------------
     0 | D:1      | night the Hill Orc Gladiator began the quest for the Orb.
     0 | D:1      | Reached XP level 1. HP: 18/18 MP: 1/1
   226 | D:1      | Reached XP level 2. HP: 22/25 MP: 2/2
   266 | D:1      | Reached skill level 5 in Axes
   654 | D:1      | Reached XP level 3. HP: 26/30 MP: 3/3
   928 | D:2      | Found a shadowy altar of Dithmenos.
   956 | D:2      | Reached skill level 6 in Axes
  1011 | D:2      | Reached XP level 4. HP: 34/37 MP: 4/4
  1071 | D:2      | Found a stormy altar of Qazlal.
  1271 | D:2      | Found a faded altar of an unknown god.
  1286 | D:2      | Became a worshipper of Uskayaw the Reveler
  1286 | D:2      | Reached * piety under Uskayaw
  1525 | D:2      | Reached skill level 7 in Axes
  1529 | D:2      | Reached ** piety under Uskayaw
  1734 | D:2      | Noticed a moth of wrath
  1736 | D:2      | Found a bloodstained altar of Trog.
  2040 | D:3      | Reached XP level 5. HP: 42/42 MP: 5/5
  2109 | D:3      | HP: 2/42 [orc priest/+0 dagger (4)]
  2117 | D:3      | Reached *** piety under Uskayaw
  2475 | D:3      | Noticed an ice beast
  2486 | D:3      | Mangled by an ice beast

Skill      XL: |  1  2  3  4 |
---------------+-------------+-----
Axes           | 5 6 7 |  7.9
Fighting       | |  2.4
Throwing       | |  1.7
Dodging        | |  2.4

Action                   |  1- 3 |  4- 6 || total
-------------------------+-------+-------++-------
Melee: War axe           |    83 |   129 ||   212
Throw: Throwing net      |       |     1 ||     1
  Use: Potion            |       |     2 ||     2
  Eat: Chunk             |       |     5 ||     5
Armor: Leather armour    |    21 |    57 ||    78
Dodge: Dodged            |    60 |    89 ||   149
